 Dungeon Crawl Stone Soup version 0.25-a0-356-g7c9d860b3b (webtiles) character file.

Game seed: 4118099673968326899, levelgen mode: deterministic

55 Inarius the Charlatan (level 3, -1/27 HPs)
             Began as a Demonspawn Artificer on Jan 3, 2020.
             Slain by a jackal (2 damage)
             ... on level 2 of the Dungeon.
             The game lasted 00:01:40 (1605 turns).

Inarius the Charlatan (Demonspawn Artificer)        Turns: 1605, Time: 00:01:41

Health: -1/27      AC:  4    Str: 10 (13) XL:     3   Next: 67%
Magic:  5/5        EV: 11    Int: 12      God:
Gold:   17         SH:  0    Dex: 12 (13) Spells: 2/2 levels left

rFire    . . .     SeeInvis .   i - +0 hand axe
rCold    . . .     Gourm    .   (no shield)
rNeg     . . .     Faith    .   b - +0 leather armour
rPois    .         Spirit   .   (no helmet)
rElec    .         Reflect  .   (no cloak)
rCorr    .         Harm     .   (no gloves)
MR       .....                  k - +0 pair of boots
Stlth    +.........             (no amulet)
HPRegen  0.09/turn              (no ring)
MPRegen  0.09/turn              (no ring)

@: lethally poisoned (-1 -> -2)
A: rot immunity
a: no special abilities


You were on level 2 of the Dungeon.
You were not hungry.

You visited 1 branch of the dungeon, and saw 2 of its levels.

You collected 17 gold pieces.

Inventory:

Hand Weapons
 i - a +0 hand axe (weapon)
Armour
 b - a +0 leather armour (worn)
 k - a +0 pair of boots (worn)
Wands
 c - a wand of flame (12)
 d - a wand of enslavement (15)
 e - a wand of random effects (15)
 l - a wand of disintegration (11)
Scrolls
 g - 2 scrolls of remove curse {unknown}
 h - a scroll of teleportation {unknown}
 j - a scroll of enchant armour {unknown}
Comestibles
 a - a chunk of flesh
 f - 3 rations


   Skills:
 * Level 2.0 Fighting
   Level 0.8 Short Blades
 * Level 1.6 Axes
 * Level 1.6 Armour
 - Level 1.7 Dodging
 - Level 0.8 Stealth
 - Level 3.0 Evocations


You had 2 spell levels left.
You didn't know any spells.
Your spell library was empty.

Dungeon Overview and Level Annotations

Branches:
Dungeon (2/15)

Altars:


Innate Abilities, Weirdness & Mutations

You are immune to rotting.


Message History

Okay, then.
Unknown command.
You aren't carrying any potions.
Unknown command.
A hobgoblin comes into view. It is wielding a +0 club.
* * * LOW HITPOINT WARNING * * *
You feel sick.
The hobgoblin drinks a potion.
The hobgoblin flickers and vanishes!
Deactivating autopickup; reactivate with Ctrl-A.
Things that are here:
a +0 club; a hobgoblin corpse Unknown command.
You see here a wand of disintegration (11).
Unknown command.
l - a wand of disintegration (11)
The jackal barely misses you.
You miss the jackal. You hit the jackal.
* * * LOW HITPOINT WARNING * * *
You feel sick. The jackal bites you.
You die...

... ######.... #.........
#......... #.........
#......... ....... #.h.......
........# #@h....... ........#
#.)†...... ........# ##.####...
...........# #.####...
...........######.......#
..>......................
.........................
...........############.......#
...........##.....# #.......+


You could see 2 jackals.

Vanquished Creatures
  2 adders (D:2)
  A dart slug (D:1)
  2 leopard geckos
  3 bats (D:1)
  2 goblins (D:1)
  4 hobgoblins
  7 jackals
  3 frilled lizards
  A kobold (D:2)
  5 rats
30 creatures vanquished.

Notes
Turn   | Place    | Note
-------+----------+-------------------------------------------
     0 | D:1      | Inarius the Demonspawn Artificer began the quest for the
                  | Orb.
     0 | D:1      | Reached XP level 1. HP: 15/15 MP: 3/3
   214 | D:1      | Gained mutation: You are immune to rotting. [demonic
                  | ancestry]
   214 | D:1      | Reached XP level 2. HP: 6/21 MP: 4/4
   522 | D:1      | Reached skill level 1 in Armour
  1004 | D:2      | Reached skill level 1 in Axes
  1135 | D:2      | Reached XP level 3. HP: 17/27 MP: 5/5
  1605 | D:2      | HP: 1/27 [poisoned by an adder]
  1605 | D:2      | Slain by a jackal

Levels and vault maps discovered:
D:1:      lightli_iron_boxes, layout_basic
D:2:      layout_basic, uniq_jessica

Skill      XL: |  1  2  3 |
---------------+----------+-----
Armour         | 1 |  1.6
Axes           | 1 |  1.6
Fighting       | 2 |  2.0
Short Blades   | |  0.8
Dodging        | |  1.7
Stealth        | |  0.8
Evocations     | |  3.0

Action                   || total
-------------------------++-------
Melee: Hand axe          ||   112
       Short sword       ||     5
Evoke: Wand              ||     3
  Use: Potion            ||     3
  Eat: Chunk             ||     2
Armor: Leather armour    ||    31
Dodge: Dodged            ||   118

Table legend:
 A = Non-vault XP
 B = Vault XP
 C = Vault XP percentage of total XP
 D = Non-vault monster count
 E = Vault monster count
 F = Vault count percentage of total count
                 A         B        C        D         E       F
            +---------+---------+-------+---------+---------+-------
      Total |      79 |       0 |   0.0 |      30 |       0 |   0.0
            +---------+---------+-------+---------+---------+-------
        D:1 |      27 |       0 |   0.0 |      14 |       0 |   0.0
        D:2 |      52 |       0 |   0.0 |      16 |       0 |   0.0
            +---------+---------+-------+---------+---------+-------
